 Dungeon Crawl Stone Soup version 0.31.0-11-ge490571c62 (webtiles) character file.

Game seed: 5788100325250907484

1501059 juan097 the Slayer (level 26, 257/257 HPs)
             Began as a Red Draconian Earth Elementalist on Jan 30, 2024.
             Was the Champion of Ru.
             Escaped with the Orb
             ... and 3 runes on Jan 31, 2024!
             The game lasted 06:09:52 (89170 turns).

juan097 the Slayer (DrEE)                          Turns: 89170, Time: 06:09:53

Health: 257/257    AC: 26    Str: 10    XL:     26   Next: 74%
Magic:  25/43      EV: 11    Int: 38    God:    Ru [******]
Gold:   5576       SH: 10    Dex: 20    Spells: 16/66 levels left

rFire   + . .        a - +8 demon blade "Veypep" {pain, *Slow rPois Will+ Int+4}
rCold   + . .        W - +2 buckler {rC+}
rNeg    + + .        (body armour unavailable)
rPois   +            u - +2 hat
rElec   .            F - +2 cloak {Will+}
rCorr   .            S - +5 pair of gloves of Dim Light {MP-9 Int+6}
SInv    +            O - +2 pair of boots
Will    ++++.        T - amulet of magic regeneration
Stlth   ++           V - ring "Qahoiqer" {rPois rN++ MP+9 Int+2, =R}
HPRegen 0.62/turn    P - ring of Ignis's Vengeance {Will+ Dex+6 SInv}
MPRegen 0.68/turn

%: slow self (1%)
@: studying 4 skills
A: breathe fire, AC +12, unfitting armour, fire resistance 1, cold-blooded,
inability to use devices, hated by all, cowardly, inability to train dodging, no
forms, low MP 1, subdued magic 1
0: Orb of Zot
}: 3/15 runes: decaying, serpentine, silver
a: Breathe Fire, Renounce Religion, Draw Out Power, Power Leap, Apocalypse


You escaped.
You worshipped Ru.
Ru was exalted by your worship.
You visited 11 branches of the dungeon, and saw 51 of its levels.
You also visited: Bailey and Desolation.

You collected 8148 gold pieces.
You spent 2572 gold pieces at shops.

Inventory:

Hand Weapons
 a - the +8 demon blade "Veypep" (weapon) {pain, *Slow rPois Will+ Int+4}
   (You took it off an orc sorcerer in a bailey)

   Int+4:     It affects your intelligence (+4).
   rPois:     It protects you from poison Will+: It increases your willpower.
   *Slow:     It may slow you when you take damage.
 b - a +9 vampiric demon blade
 w - a +9 dagger of freezing
Missiles
 k - 3 darts of dispersal
 v - 6 throwing nets
 A - 5 curare-tipped darts
Armour
 u - a +2 hat (worn)
 F - a +2 cloak of willpower (worn)
 O - a +2 pair of boots (worn)
 S - the +5 pair of gloves of Dim Light (worn) {MP-9 Int+6}
   (You found it on level 1 of the Swamp)

   Int+6:     It affects your intelligence (+6).
   MP-9:      It affects your magic capacity (-9).
 W - a +2 buckler of cold resistance (worn)
Magical Staves
 s - a staff of conjuration
 E - a staff of air
 X - a staff of fire
Jewellery
 p - a ring of fire
 y - a ring of protection from fire
 H - a +6 ring of intelligence
 P - the ring of Ignis's Vengeance (right hand) {Will+ Dex+6 SInv}
   (You acquired it on level 10 of the Dungeon)

   [ring of dexterity]

   Dex+6:     It affects your dexterity (+6).
   Will+:     It increases your willpower.
   SInv:      It lets you see invisible.
 R - the ring of Dieqaodi {rN+ Str+3 Int+3}
   (You found it on level 3 of the Crypt)

   [ring of positive energy]

   Str+3:     It affects your strength (+3).
   Int+3:     It affects your intelligence (+3).
   rN+:       It protects you from negative energy.
 T - an amulet of magic regeneration (around neck)
 U - a ring of flight
 V - the ring "Qahoiqer" (left hand) {rPois rN++ MP+9 Int+2, =R}
   (You found it on level 11 of the Dungeon)

   [ring of magical power]

   Int+2:     It affects your intelligence (+2).
   rPois:     It protects you from poison rN++: It greatly protects you from
   negative energy.
   MP+9:      It affects your magic capacity (+9).
Scrolls
 d - 15 scrolls of teleportation
 h - 9 scrolls of poison
 i - 4 scrolls of blinking
 m - 6 scrolls of enchant armour
 n - a scroll of torment
 o - 16 scrolls of vulnerability
 q - 4 scrolls of brand weapon
 r - 12 scrolls of fog
 x - 7 scrolls of fear
 z - 3 scrolls of amnesia
 D - 5 scrolls of immolation
 G - 8 scrolls of revelation
 I - 9 scrolls of enchant weapon
 K - 3 scrolls of silence
Potions
 c - 3 potions of haste
 e - 3 potions of magic
 f - 5 potions of might
 g - 16 potions of heal wounds
 j - 2 potions of berserk rage
 l - 40 potions of curing
 B - 3 potions of resistance
 C - 5 potions of enlightenment
 J - a potion of ambrosia
 L - 7 potions of attraction
 M - 5 potions of invisibility
 N - 4 potions of cancellation
 Q - 10 potions of mutation


   Skills:
 + Level 24.8 Fighting
 - Level 8.3(12.0) Short Blades
 - Level 13.4(14.4) Long Blades
 - Level 6.0 Throwing
 - Level 12.0 Stealth
 - Level 14.0 Shields
 + Level 20.8 Spellcasting
 + Level 19.0 Conjurations
 + Level 21.2 Fire Magic
 * Level 15.9 Earth Magic
 - Level 8.0 Alchemy


You had 16 spell levels left.
You knew the following spells:

 Your Spells              Type           Power      Damage    Failure   Level
a - Bombard               Conj/Erth      46%        9d8       1%          6
b - Stone Arrow           Conj/Erth      100%       3d13      0%          3
c - Passwall              Erth           89%        N/A       0%          3
d - Orb of Destruction    Conj           48%        9d13      1%          7
e - Irradiate             Conj/Alch      41%        3d25      1%          5
f - Starburst             Conj/Fire      49%        6d14      0%          6
g - Mephitic Cloud        Conj/Alch/Air  70%        N/A       1%          3
h - Petrify               Alch/Erth      79%        N/A       1%          4
i - Lee's Rapid Deconstr  Erth           44%        3d21*     0%          5
j - Ignition              Fire           50%        3d14      1%          8

Your spell library contained the following spells:

 Spells                   Type           Power      Damage    Failure   Level
 Kiss of Death            Conj/Necr      100%       2d13      0%          1
 Magic Dart               Conj           100%       1d8       0%          1
 Sandblast                Erth           100%       2d20      0%          1
 Sting                    Conj/Alch      100%       1d9       0%          1
 Momentum Strike          Conj/Tloc      100%       3d10      0%          2
 Scorch                   Fire           100%       2d9       0%          2
 Searing Ray              Conj           100%       2d8       0%          2
 Inner Flame              Hex/Fire       75%        N/A       0%          3
 Volatile Blastmotes      Fire/Tloc      100%       2d18      0%          3
 Brom's Barrelling Bould  Conj/Erth      93%        2d10      0%          4
 Flame Wave               Conj/Fire      99%        2d21      0%          4
 Fulminant Prism          Conj/Alch      41%        3d19      0%          4
 Fireball                 Conj/Fire      49%        3d19      0%          5
 Iskenderun's Battlesphe  Conj           96%        2d14      0%          5
 Apportation              Tloc           60%        N/A       1%          1
 Freeze                   Ice            100%       1d10      1%          1
 Necrotise                Necr           100%       1d9       1%          1
 Blink                    Tloc           60%        N/A       1%          2
 Ensorcelled Hibernation  Hex/Ice        60%        N/A       1%          2
 Jinxbite                 Hex            60%        N/A       1%          2
 Lesser Beckoning         Tloc           60%        N/A       1%          2
 Mercury Vapours          Alch/Air       100%       N/A       1%          2
 Sublimation of Blood     Necr           30%        N/A       1%          2
 Confusing Touch          Hex            30%        N/A       1%          3
 Dazzling Flash           Conj/Hex       100%       N/A       1%          3
 Frozen Ramparts          Ice            60%        1d10      1%          3
 Fugue of the Fallen      Necr           30%        N/A       1%          3
 Gell's Gravitas          Tloc           30%        N/A       1%          3
 Hailstorm                Conj/Ice       72%        3d13      1%          3
 Ozocubu's Armour         Ice            30%        N/A       1%          3
 Swiftness                Air            30%        N/A       1%          3
 Teleport Other           Tloc           30%        N/A       1%          3
 Vampiric Draining        Necr           30%        2d8       1%          3
 Leda's Liquefaction      Alch/Erth      39%        N/A       1%          4
 Olgreb's Toxic Radiance  Alch           67%        N/A       1%          4
 Alistair's Intoxication  Alch           44%        N/A       1%          5
 Freezing Cloud           Conj/Ice/Air   30%        6-21      1%          5
 Conjure Ball Lightning   Conj/Air       36%        3x3d12    1%          6
 Anguish                  Hex/Necr       15%        N/A       7%          4
 Cause Fear               Hex            15%        N/A       7%          4
 Dispel Undead            Necr           30%        3d14      7%          4
 Manifold Assault         Tloc           30%        N/A       7%          4
 Curse of Agony           Necr           30%        N/A       19%         5
 Metabolic Englaciation   Hex/Ice        15%        N/A       19%         5
 Silence                  Hex/Air        15%        N/A       19%         5
 Fire Storm               Conj/Fire      49%        8d13      19%         9
 Dispersal                Tloc           15%        N/A       73%         6
 Shatter                  Erth           44%        3d34*     73%         9
 Enfeeble                 Hex            15%        N/A       100%        7
 Ozocubu's Refrigeration  Ice            15%        4d10      100%        7
 Maxwell's Capacitive Co  Air            15%        ∞         100%        8
 Chain Lightning          Conj/Air       36%        3d48      100%        9
 Polar Vortex             Ice            15%        12d2*     100%        9
 Summon Small Mammal      Summ           Unusable   N/A       N/A         1
 Call Imp                 Summ           Unusable   N/A       N/A         2
 Call Canine Familiar     Summ           Unusable   N/A       N/A         3
 Summon Ice Beast         Ice/Summ       Unusable   N/A       N/A         3
 Animate Armour           Summ/Erth      Unusable   N/A       N/A         4
 Summon Blazeheart Golem  Fire/Summ      Unusable   N/A       N/A         4
 Martyr's Knell           Necr/Summ      Unusable   N/A       N/A         4
 Summon Mana Viper        Hex/Summ       Unusable   N/A       N/A         5
 Sculpt Simulacrum        Ice/Alch       Unusable   N/A       N/A         6
 Summon Cactus Giant      Summ           Unusable   N/A       N/A         6
 Monstrous Menagerie      Summ           Unusable   N/A       N/A         7
 Dragon's Call            Summ           Unusable   N/A       N/A         9

Dungeon Overview and Level Annotations

Branches:
Dungeon (15/15)            Temple (1/1) D:6            Lair (5/5) D:9
  Swamp (4/4) Lair:3        Snake (4/4) Lair:2        Slime (0/5) Lair:4
    Orc (2/2) D:9             Elf (3/3) Orc:2        Vaults (5/5) D:14
  Crypt (3/3) Vaults:2       Tomb (0/3) Crypt:3      Depths (4/4) D:15
    Zot (5/5) Depths:4     Bailey (visited)         Desolation (visited)

Altars:
Ashenzari
Cheibriados
Dithmenos
Elyvilon
Gozag
Kikubaaqudgha
Makhleb
Nemelex Xobeh
Okawaru
Qazlal
Ru
Sif Muna
Trog
Uskayaw
Vehumet
Wu Jian
Xom
Zin
The Shining One

Shops:
D:1 :   D:3 ([*[:   D:5 !   D:8 *   Orc:1 (!(   Orc:2 *[*:   Elf:1 :
Snake:1 =:[[:   Snake:2 ?   Snake:3 (   Vaults:1 =   Vaults:2 [   Depths:4 *

Portals:
Hell: Depths:1 Depths:2 Depths:3 Depths:4
Abyss: Depths:2 Depths:3 Depths:4
Pandemonium: Depths:2
Ziggurat: Depths:3

Annotations:
Temple 2 transporters
Elf:2 3 runed translucent doors


Innate Abilities, Weirdness & Mutations

You can breathe blasts of fire.
Your fiery red scales are hard. (AC +12)
You cannot fit into any form of body armour.
Your flesh is heat resistant. (rF+)
You are cold-blooded and may be slowed by cold attacks.
You cannot study or use magical devices.
You are hated by all.
Your cowardice makes you less effective in combat with threatening foes.
You cannot train Dodging skill.
You cannot voluntarily change form.
Your magical capacity is low. (-10% MP)
Your spells are a little easier to cast, but a little less powerful.


Message History

Confirm with . or Enter, or press ? or * to list all spells.
Casting: Ignition (mildly dangerous; 1% risk of failure)
Press: ? - help, Dir - look around, f - activate The air bursts into flame!
The fireball engulfs the lorocyproca.
The lorocyproca resists.
The lorocyproca is lightly wounded.
The fireball engulfs the plant!
The plant begins to die.
The plant is lightly damaged.
The fireball engulfs the plant!!
The plant begins to die.
The plant is lightly damaged.
The fireball engulfs the plant!!
The plant begins to die.
The plant is lightly damaged.
The fireball engulfs the plant!!
The plant begins to die.
The plant is lightly damaged.
Casting: Ignition (mildly dangerous; 1% risk of failure)
Confirm with . or Enter, or press ? or * to list all spells.
Casting: Ignition (mildly dangerous; 1% risk of failure)
Press: ? - help, Dir - look around, f - activate The air bursts into flame!
The fireball engulfs the lorocyproca!
The lorocyproca resists.
The lorocyproca is lightly wounded.
The fireball engulfs the plant!!
The plant is moderately damaged.
The fireball engulfs the plant!!
The plant is moderately damaged.
The iron shot misses the lorocyproca.
The lorocyproca hits you but does no damage.
The iron shot hits the lorocyproca!!
The lorocyproca is heavily wounded.
A nearby plant withers and dies. x3; You block the lorocyproca's attack.
You slash the lorocyproca!
The lorocyproca is severely wounded.
A nearby plant withers and dies.
You slice the lorocyproca!!
You kill the lorocyproca!
There is an open door here.
There is an open door here.
There is an open door here.
There is a staircase leading out of the dungeon here.
You have escaped!

#### ####
##..##########..##
#....#......'....#
#@...'......#....#
##..##########..##
####.......8##'#
#..#.P.P....#..#
#..#......P.#..#
#..#.P...P.8#..#
#..#....P.P.#..#
#..#.....P..#..#♣
#..#............♣


There were no monsters in sight!

Vanquished Creatures
  2 dread liches (Zot:5)
  Frederick (Crypt:3)
  3 orbs of fire
  Mara (Vaults:2)
  A juggernaut (Depths:4)
  Josephina (Depths:2)
  Boris (Crypt:1)
  Parghit (Zot:2)
  Vashnia (Snake:3)
  4 Killer Klowns
  Saint Roka (Snake:4)
  Bai Suzhen (Snake:3)
  4 curse toes
  3 pandemonium lords
  Nikola (Depths:2)
  11 golden dragons
  Jory (Crypt:1)
  A bone dragon (Depths:4)
  3 doom hounds
  3 electric golems (Zot:5)
  A shard shrike zombie (Crypt:3)
  A spectral shard shrike (Crypt:3)
  17 tentacled monstrosities
  A Hell Sentinel (D:1)
  7 liches
  The ghost of OlivierBoivin the Warrior, an adept OnAE of Vehumet (Swamp:1)
  6 titans
  4 deep elf blademasters
  27 Orb Guardians
  Grunn (Depths:3)
  4 sphinxes
  9 quicksilver dragons
  2 deep elf master archers (Elf:3)
  12 shadow dragons
  3 ancient champions
  7 death cobs
  The ghost of Zeor the Draconian Blade, an adept DrBe of Trog (Snake:2)
  19 storm dragons
  2 draconian monks (Zot:3)
  9 tengu reavers
  5 fenstrider witches
  4 revenants
  8 protean progenitors
  Roxanne (Swamp:2)
  6 nagarajas
  2 draconian scorchers (Zot:3)
  5 draconian knights
  5 fire giants
  10 deep elf sorcerers (Elf:3)
  10 frost giants
  A spectral caustic shrike (Crypt:3)
  2 spectral juggernauts (Crypt:3)
  2 ghost moths
  A balrug (Depths:1)
  2 imperial myrmidons (Desolation)
  14 vault wardens
  2 iron dragons (Vaults:5)
  8 deep elf elementalists (Elf:3)
  3 cacodemons (Depths:2)
  A juggernaut zombie (Crypt:1)
  A curse skull (Crypt:2)
  3 ghouls (Crypt:2)
  16 ironbound preservers
  A draconian stormcaller (Zot:2)
  A juggernaut skeleton (Crypt:2)
  4 reapers
  A formless jellyfish (Vaults:4)
  4 draconian annihilators
  8 very ugly things
  A caustic shrike skeleton (Crypt:3)
  6 ironbound thunderhulks
  4 eleionomae
  6 black draconians
  10 deep elf demonologists
  8 vampire knights
  A lorocyproca (D:1)
  11 stone giants
  8 dire elephants
  Azrael (D:14)
  9 yellow draconians
  4 purple draconians
  11 red draconians
  8 green draconians
  A halazid warlock (Desolation)
  9 deep elf annihilators
  5 white draconians
  5 bunyips
  A war gargoyle (Vaults:5)
  5 deep elf death magi
  2 green deaths (Swamp:4)
  8 eidola
  14 spark wasps
  5 crystal guardians (Desolation)
  4 ettins
  2 spectral pearl dragons (Depths:2)
  7 fire dragons
  8 jiangshi
  2 mummy priests (Depths:2)
  A merfolk javelineer (Depths:3)
  A spectral quicksilver dragon (Crypt:3)
  2 shambling mangroves
  3 deep elf high priests
  28 vault guards
  6 ice dragons
  12 yaktaur captains
  8 ogre magi
  3 entropy weavers
  5 servants of whispers (Desolation)
  7 ragged hierophants (Desolation)
  17 hydras
  5 salamander tyrants
  A rakshasa (Depths:1)
  2 great orbs of eyes
  A juggernaut simulacrum (Crypt:3)
  Harold (Lair:1)
  A peacekeeper (Desolation)
  An Orb Guardian zombie (Crypt:2)
  A spriggan skeleton (Crypt:2)
  3 death knights
  5 ghost crabs
  14 ironbound frosthearts
  A sphinx zombie (Depths:1)
  18 anacondas
  9 spriggan air magi
  8 centaur warriors
  7 alligators
  3 boulder beetles
  15 dancing weapons
  9 two-headed ogres
  6 naga warriors
  7 tengu warriors
  5 naga sharpshooters
  4 occultists
  2 deep troll shamans (Depths:4)
  5 orc high priests
  7 deep troll earth magi
  2 satyrs (Zot:5)
  A death yak (Lair:4)
  3 spriggan berserkers
  3 spectral dire elephants (Crypt:3)
  4 vampire magi
  10 hell knights
  Sonja (Lair:1)
  12 shock serpents
  2 sun demons (Depths:1)
  8 deep elf knights
  Amaemon (Lair:1)
  11 salamander mystics
  2 soul eaters
  A storm dragon skeleton (Crypt:2)
  11 skeletal warriors
  2 skysharks (Lair:5)
  11 shadow wraiths
  An anaconda zombie (Crypt:2)
  2 sixfirhies (Swamp:4)
  6 iron trolls
  6 goliath frogs
  3 shadow demons
  2 golden dragon zombies (Depths:1)
  47 deep trolls
  18 mana vipers
  7 spriggan druids
  2 spectral hydras (Crypt:3)
  2 spectral bunyips (Crypt:3)
  A bunyip skeleton (Crypt:3)
  8 sea snakes
  20 lindwurms
  8 bog bodies
  25 ironbound convokers
  9 flayed ghosts
  A shadow dragon zombie (Crypt:1)
  7 swamp dragons
  7 arcanists
  2 elf zombies
  An obsidian statue (Zot:5)
  6 orc knights
  Pikel (D:5)
  A fenstrider witch simulacrum (Crypt:3)
  10 naga ritualists
  16 phantasmal warriors
  25 deep elf pyromancers
  5 harpies
  A sun moth (shapeshifter) (Vaults:5)
  9 necromancers
  An iron giant skeleton (Crypt:3)
  13 deep elf archers
  16 ugly things
  23 deep elf zephyrmancers
  7 orc sorcerers
  A stone giant zombie (Vaults:1)
  2 will-o-the-wisps
  2 manticores
  An ugly thing (shapeshifter) (Vaults:5)
  5 cyclopes
  2 iron dragon skeletons
  Maurice (D:8)
  An alligator skeleton (Crypt:2)
  An apis zombie (Depths:2)
  Joseph (D:7)
  A spectral centaur (Crypt:3)
  4 large abominations (Depths:2)
  A meliai (shapeshifter) (Depths:2)
  4 human skeletons
  6 guardian serpents
  35 salamanders
  A fire giant skeleton (Depths:1)
  25 moths of wrath
  12 elephants
  17 vault sentinels
  3 kobold blastminers
  A fire giant zombie (Depths:1)
  A moth of wrath (shapeshifter) (Depths:2)
  41 black mambas
  A molten gargoyle (Desolation)
  A water nymph (shapeshifter) (Depths:2)
  A meliai (D:15)
  A dire elephant zombie (Crypt:2)
  24 cane toads
  A smoke demon (Swamp:4)
  An ice statue (D:7)
  2 minotaur zombies
  A centaur skeleton (Crypt:3)
  16 naga magi
  4 orange demons
  3 storm dragon simulacra
  A guardian serpent (shapeshifter) (Depths:2)
  A cane toad (shapeshifter) (D:13)
  2 gargoyles (D:11)
  6 unseen horrors
  Jeremiah (Lair:1)
  Maggie (D:9)
  A bunyip simulacrum (Crypt:2)
  42 yaktaurs
  An efreet (D:13)
  19 freezing wraiths
  2 rime drakes
  4 kobold demonologists
  A spark wasp simulacrum (Depths:2)
  A yaktaur (shapeshifter) (Vaults:5)
  4 tengu conjurers
  9 komodo dragons
  A mana viper skeleton (Crypt:2)
  A spectral glowing shapeshifter (Depths:2)
  An anaconda simulacrum (Snake:2)
  A sea snake skeleton (Crypt:3)
  A spectral harpy (Crypt:3)
  3 bloated husks
  8 guardian mummies
  A yaktaur skeleton (Vaults:3)
  5 polar bears
  A red devil (Depths:4)
  Psyche (D:9)
  11 trolls
  A merfolk (shapeshifter) (Depths:2)
  8 tyrant leeches
  A harpy skeleton (Crypt:2)
  A spriggan zombie (Depths:1)
  A merfolk (Zot:5)
  A moth of wrath zombie (Crypt:3)
  A glass eye (shapeshifter) (Depths:4)
  13 hornets
  Grinder (D:3)
  38 saltlings (Desolation)
  A hellwing (Swamp:4)
  15 blink frogs
  A fire giant simulacrum (Depths:2)
  8 dream sheep (Lair:4)
  2 glass eyes
  28 slime creatures
  13 spriggans
  2 ettin skeletons
  A culicivora (Vaults:2)
  A ynoxinul (Depths:2)
  3 shadows (D:11)
  A spectral black mamba (Snake:2)
  4 air elementals
  A culicivora (shapeshifter) (D:15)
  A dire elephant simulacrum (Crypt:3)
  9 wraiths
  5 wyverns
  8 fire elementals
  37 yaks
  A vampire (D:10)
  2 basilisks
  A wind drake zombie (Crypt:1)
  2 humans (D:14)
  3 wargs
  15 vampire mosquitoes
  A catoblepas simulacrum (Crypt:2)
  2 spriggan simulacra
  An elf skeleton (Vaults:3)
  A steam dragon (D:9)
  A redback (Vaults:2)
  A harpy simulacrum (Crypt:2)
  50 nagas
  9 chaos spawn
  2 swamp worms (shapeshifter) (Depths:2)
  11 water moccasins
  2 acid dragons
  15 swamp worms
  2 water moccasins (shapeshifter)
  3 spectral nagas (Snake:2)
  A cane toad skeleton (Crypt:3)
  2 hell hounds
  3 ice beasts
  A black bear (D:5)
  2 swamp drakes (Swamp:2)
  26 orc warriors
  A swamp dragon zombie (Crypt:2)
  A sky beast (D:6)
  23 laughing skulls
  A black mamba simulacrum (Snake:2)
  10 ogres
  A dream sheep zombie (Crypt:3)
  8 centaurs
  10 wolves
  2 lemures (D:5)
  A phantom (D:3)
  3 kobold brigands
  5 scorpions
  3 water moccasin zombies (D:6)
  18 bullfrogs
  A necrophage (Crypt:2)
  2 gnoll sergeants (D:11)
  3 earth elementals
  A human simulacrum (Depths:1)
  13 wights
  3 small abominations (Depths:2)
  A wyvern skeleton (Crypt:1)
  7 killer bees
  10 electric eels
  7 howler monkeys
  A crimson imp (Depths:4)
  A bombardier beetle (D:5)
  2 bullfrog zombies (D:6)
  A human zombie (Crypt:3)
  A bullfrog skeleton (Crypt:1)
  9 hounds
  2 jellies (D:6)
  A gnoll bouda (D:7)
  14 orc priests
  2 sleepcaps
  An iguana (D:4)
  A scorpion zombie (Crypt:3)
  7 hell rats (Lair:2)
  3 naga simulacra (Snake:2)
  24 orc wizards
  An acid dragon zombie (Crypt:3)
  6 mummies (Crypt:1)
  A howler monkey zombie (D:6)
  14 gnolls
  A swamp drake zombie (Crypt:2)
  8 adders
  2 steam dragon zombies (Crypt:2)
  3 white imps
  2 ufetubi (D:7)
  A ribbon worm (D:2)
  A dart slug (D:2)
  69 orcs
  9 endoplasms
  3 giant cockroaches
  12 goblins
  13 hobgoblins
  6 jackals
  16 kobolds
  3 quokkas
  3 training dummies (Snake:3)
  8 ball pythons
  5 bats
  5 frilled lizards
  A goblin skeleton (Crypt:1)
  An orc zombie (Crypt:1)
  A rat (D:1)
  5 aspiring fleshes (Zot:5)
2242 creatures vanquished.

Vanquished Creatures (collateral kills)
  Erolcha (Orc:2)
1 creature vanquished.

Vanquished Creatures (others)
  2 death cobs
  A fire giant (Depths:2)
  A vault warden (Vaults:1)
  A deep elf annihilator (Elf:3)
  A salamander tyrant (Snake:1)
  A great orb of eyes (D:10)
  A centaur warrior (D:13)
  2 deep elf knights
  A hell knight (Depths:1)
  A goliath frog (Swamp:1)
  A deep troll (Vaults:5)
  An ironbound convoker (Vaults:1)
  A lindwurm (Vaults:1)
  2 deep elf zephyrmancers
  A will-o-the-wisp (Swamp:1)
  2 salamanders
  An elephant (Lair:4)
  A black mamba (Snake:4)
  A cane toad (Lair:5)
  A spark wasp simulacrum (Depths:2)
  A tyrant leech (Swamp:3)
  A hornet (Swamp:4)
  A spriggan (Swamp:3)
  A chaos spawn (D:10)
  A naga (Snake:4)
  12 foxfires
41 creatures vanquished.

Grand Total: 2284 creatures vanquished

Notes
Turn   | Place    | Note
-------+----------+-------------------------------------------
     0 | D:1      | juan097 the Draconian Earth Elementalist began the quest
                  | for the Orb.
     0 | D:1      | Reached XP level 1. HP: 14/14 MP: 3/3
   195 | D:1      | Reached XP level 2. HP: 20/20 MP: 3/5
   385 | D:1      | Found Fanor's Vocational Training.
   443 | D:1      | Got Senuagonou's Octavo of the Shot and Minerals
   782 | D:1      | Reached XP level 3. HP: 26/26 MP: 4/6
  1567 | D:2      | Found a sacrificial altar of Ru.
  1890 | D:2      | Reached XP level 4. HP: 33/33 MP: 4/8
  2039 | D:2      | Became a worshipper of Ru the Awakened
  2097 | D:3      | Found Novvoole's Armour Shoppe.
  2117 | D:3      | Found Kyrec's Assorted Antiques.
  2125 | D:3      | Bought a scroll labelled DAUWKA DEVVOU for 24 gold pieces
  2125 | D:3      | Bought a scroll labelled ALAPEI NYICKO for 24 gold pieces
  2127 | D:3      | Found a stormy altar of Qazlal.
  2129 | D:3      | Noticed a fire elemental
  2129 | D:3      | Noticed an earth elemental
  2131 | D:3      | Noticed a water elemental
  2131 | D:3      | Noticed an air elemental
  2154 | D:3      | Found Ylumuor's Book Emporium.
  2268 | D:3      | Learned a level 3 spell: Passwall
  2272 | D:3      | Learned a level 3 spell: Stone Arrow
  2349 | D:3      | Noticed Grinder
  2912 | D:4      | Noticed a phantom
  2981 | D:4      | Reached XP level 5. HP: 36/38 MP: 3/9
  3147 | D:3      | Killed a phantom
  3221 | D:3      | Found Kivot's Antique Armour Boutique.
  3300 | D:3      | Found Xub Zaet's Weapon Emporium.
  3725 | D:4      | Reached XP level 6. HP: 45/45 MP: 7/10
  3785 | D:5      | Entered Level 5 of the Dungeon
  3837 | D:5      | Reached skill level 5 in Earth Magic
  3893 | D:5      | Found Ojownacs's Distillery.
  3916 | D:5      | Gained mutation: You cannot study or use magical devices.
                  | [Ru sacrifice]
  3916 | D:5      | Reached * piety under Ru
  3916 | D:5      | Reached ** piety under Ru
  4074 | D:5      | Your scales start taking on a fiery red colour.
  4074 | D:5      | Reached XP level 7. HP: 36/50 MP: 6/11
  4074 | D:5      | Gained mutation: Your flesh is heat resistant. (rF+) [Red
                  | Draconian growth]
  4239 | D:5      | Noticed Pikel
  4259 | D:5      | Killed Pikel
  4361 | D:5      | Reached XP level 8. HP: 57/57 MP: 8/14
  4418 | D:5      | Reached skill level 1 in Fighting
  4802 | D:5      | Reached skill level 5 in Conjurations
  4913 | D:3      | Bought a scroll labelled WIARA ROEMNEZ for 24 gold pieces
  4913 | D:3      | Bought a scroll labelled XABUCE SACHEHANN for 24 gold
                  | pieces
  4970 | D:5      | Bought a potion of curing for 33 gold pieces
  4970 | D:5      | Bought a potion of heal wounds for 55 gold pieces
  4999 | D:5      | Reached skill level 2 in Fighting
  4999 | D:5      | Reached skill level 5 in Spellcasting
  5064 | D:6      | Reached skill level 3 in Fighting
  5180 | D:6      | Found a staircase to the Ecumenical Temple.
  5239 | Temple   | Found a transporter.
  5239 | Temple   | Found a transporter.
  5239 | Temple   | Found a transporter.
  5239 | Temple   | Found a transporter.
  5239 | Temple   | Entered the Ecumenical Temple
  5327 | D:6      | Reached skill level 4 in Fighting
  5412 | D:6      | Reached skill level 1 in Short Blades
  5426 | D:6      | Found a basalt altar of Yredelemnul.
  5454 | D:6      | Reached XP level 9. HP: 72/72 MP: 16/16
  5496 | D:6      | Found a hazy altar of Hepliaklqana.
  5498 | D:6      | Found a bloodstained altar of Trog.
  5498 | D:6      | Found a white marble altar of Elyvilon.
  5500 | D:6      | Found a snail-covered altar of Cheibriados.
  5500 | D:6      | Found a sacrificial altar of Ru.
  5739 | D:6      | Reached skill level 5 in Fighting
  5956 | D:6      | Got the Catalogue of the Anticline and Fever
  6743 | D:7      | Reached skill level 6 in Fighting
  6840 | D:7      | Noticed an ice statue
  6870 | D:7      | Gained mutation: Your cowardice makes you less effective in
                  | combat with threatening foes. [Ru sacrifice]
  6870 | D:7      | Reached *** piety under Ru
  6927 | D:7      | Reached XP level 10. HP: 70/83 MP: 19/19
  7320 | D:7      | Noticed Joseph
  7334 | D:7      | Killed Joseph
  7699 | D:8      | Found a radiant altar of Vehumet.
  7710 | D:8      | Learned a level 4 spell: Brom's Barrelling Boulder
  7733 | D:8      | Found Ylogai's General Store.
  7784 | D:8      | Bought a scroll of noise for 13 gold pieces
  8040 | D:8      | Noticed Maurice
  8068 | D:8      | Maurice stole an orb of energy
  8069 | D:8      | Killed Maurice
  8070 | D:8      | Reached skill level 7 in Fighting
  8197 | D:8      | Noticed a deep troll
  8201 | D:8      | Noticed a deep troll
  8222 | D:8      | Killed a deep troll
  8223 | D:8      | Reached skill level 8 in Fighting
  8389 | D:8      | Killed a deep troll
  8392 | D:8      | Found the necklace of Bloodlust {Fury *Rage Will++ Int-3
                  | Slay+6}
  8755 | D:5      | Bought a potion of haste for 110 gold pieces
  8755 | D:5      | Bought a potion of might for 44 gold pieces
  9034 | D:9      | Noticed Psyche
  9038 | D:9      | Killed Psyche
  9080 | D:9      | Found a staircase to the Orcish Mines.
  9420 | D:9      | Noticed a two-headed ogre
  9425 | D:9      | Noticed Maggie
  9433 | D:9      | Killed a two-headed ogre
  9434 | D:9      | Reached XP level 11. HP: 94/94 MP: 21/21
  9438 | D:9      | Killed Maggie
  9496 | D:9      | Found a staircase to the Lair.
  9714 | D:9      | Gained mutation: You cannot train Dodging skill. [Ru
                  | sacrifice]
  9714 | D:9      | Reached **** piety under Ru
  9714 | D:9      | Reached ***** piety under Ru
 10820 | Orc:1    | Entered Level 1 of the Orcish Mines
 10821 | Orc:1    | Found Bejaaq's Distillery.
 10926 | Orc:2    | Entered Level 2 of the Orcish Mines
 11251 | Orc:2    | Found a staircase to the Elven Halls.
 11328 | Orc:2    | Noticed Erolcha
 11344 | Orc:2    | Killed Erolcha
 11345 | Orc:2    | Reached skill level 5 in Stealth
 11461 | Orc:2    | Noticed an orc sorcerer
 11466 | Orc:2    | Killed an orc sorcerer
 11467 | Orc:2    | Reached skill level 9 in Fighting
 11580 | Orc:1    | Found Zonky's Weapon Emporium.
 12105 | Orc:1    | Found Cabi Upu's Weapon Emporium.
 12534 | Orc:2    | Reached skill level 10 in Fighting
 12620 | Orc:2    | Noticed an orc sorcerer
 12640 | Orc:2    | Found Vylajat's Book Emporium.
 12652 | Orc:2    | Killed an orc sorcerer
 12820 | Orc:2    | Gained mutation: You cannot voluntarily change form. [Ru
                  | sacrifice]
 13054 | Orc:2    | Noticed an orc knight
 13059 | Orc:2    | Noticed an orc sorcerer
 13071 | Orc:2    | Killed an orc knight
 13073 | Orc:2    | Killed an orc sorcerer
 13074 | Orc:2    | Reached XP level 12. HP: 73/107 MP: 6/24
 13418 | Orc:2    | Noticed an orc high priest
 13433 | Orc:2    | Killed an orc high priest
 13583 | Orc:2    | Noticed an orc high priest
 13587 | Orc:2    | Killed an orc high priest
 13642 | Orc:2    | Noticed an orc high priest
 13647 | Orc:2    | Killed an orc high priest
 13697 | Orc:2    | Found Luopomiphi's Assorted Antiques.
 13698 | Orc:2    | Found Foevyjyn's Antique Armour Shop.
 13698 | Orc:2    | Found Cohiveag's Assorted Antiques.
 13706 | Orc:2    | Bought a scroll labelled LOHARY ZOEMPAH for 30 gold pieces
 13708 | Orc:2    | Bought a clear potion for 25 gold pieces
 14067 | D:3      | Bought a pair of spiked boots for 228 gold pieces
 14067 | D:3      | Identified the +0 pair of boots of Past Mistakes {rPois}
                  | (You bought it in a shop on level 3 of the Dungeon)
 14132 | D:3      | Killed Grinder
 14274 | D:3      | Bought a pair of embroidered boots for 165 gold pieces
 14428 | D:8      | Bought a scroll of identify for 26 gold pieces
 14428 | D:8      | Bought a scroll of revelation for 97 gold pieces
 14428 | D:8      | Bought a potion of attraction for 39 gold pieces
 14526 | Orc:1    | Bought a potion of lignification for 39 gold pieces
 14529 | Orc:1    | Bought a potion of resistance for 130 gold pieces
 14529 | Orc:1    | Bought a potion of invisibility for 104 gold pieces
 14573 | Lair:1   | Entered Level 1 of the Lair of Beasts
 14627 | Lair:1   | Reached skill level 11 in Fighting
 14627 | Lair:1   | Reached skill level 10 in Conjurations
 14627 | Lair:1   | Reached skill level 10 in Earth Magic
 14706 | Lair:1   | Noticed Amaemon
 14722 | Lair:1   | Killed Amaemon
 14868 | Lair:1   | Reached skill level 5 in Short Blades
 15101 | Lair:1   | Noticed Sonja
 15104 | Lair:1   | Noticed Jeremiah
 15105 | Lair:1   | Noticed Harold
 15112 | Lair:1   | Killed Harold
 15112 | Lair:1   | Killed Sonja
 15112 | Lair:1   | Killed Jeremiah
 15648 | Lair:1   | Reached skill level 12 in Fighting
 15705 | Lair:1   | Reached XP level 13. HP: 118/118 MP: 26/26
 15804 | Lair:1   | Reached skill level 10 in Spellcasting
 16415 | Lair:2   | Learned a level 5 spell: Irradiate
 16619 | Lair:2   | Reached skill level 1 in Alchemy
 16928 | Lair:2   | Found a staircase to the Snake Pit.
 17215 | Lair:2   | Gained mutation: You are hated by all. [Ru sacrifice]
 17215 | Lair:2   | Reached ****** piety under Ru
 17809 | Lair:3   | Paralysed by a hornet for 1 turns
 18011 | Lair:3   | Found a staircase to the Swamp.
 18059 | Lair:3   | Reached skill level 5 in Alchemy
 19222 | Lair:3   | You fall into a shaft and drop 2 floors!
 19222 | Lair:5   | Entered Level 5 of the Lair of Beasts
 19709 | Lair:4   | Found a staircase to the Slime Pits.
 21287 | Lair:4   | Learned a level 6 spell: Starburst
 21374 | Lair:4   | Reached skill level 1 in Fire Magic
 21374 | Lair:4   | Reached XP level 14. HP: 109/126 MP: 27/29
 22064 | Lair:5   | Reached skill level 5 in Fire Magic
 22547 | Lair:5   | Found the +5 scythe "Finisher" {speed, execute}
 22561 | Lair:5   | Identified the +2 leather armour of the Vaults {rF+ Will+}
 22574 | Lair:5   | Got the Atlas of Feathery Pollution
 23986 | D:10     | Entered Level 10 of the Dungeon
 24400 | D:10     | Learned a level 3 spell: Mephitic Cloud
 24405 | D:10     | Learned a level 4 spell: Petrify
 24408 | D:10     | Found a flagged portal.
 24449 | Bailey   | Entered a bailey
 24926 | Bailey   | Identified the +5 rapier "Menetihe" {freeze, Str+4}
 24946 | Bailey   | Identified the +8 demon blade "Veypep" {pain, *Slow rPois
                  | Will+ Int+4}
 24949 | Bailey   | Found an iron altar of Okawaru.
 24952 | Bailey   | Identified the +10 plate armour of Disaster {rPois rC-
                  | Regen+ Stlth+}
 25642 | D:10     | Reached skill level 10 in Fire Magic
 25748 | D:10     | Found a burning altar of Makhleb.
 26050 | D:10     | Acquired a book of the Earth
 26052 | D:10     | Acquired a staff of conjuration
 26054 | D:10     | Acquired an amulet of magic regeneration
 26066 | D:10     | Acquired the ring of Ignis's Vengeance {Will+ Dex+6 SInv}
 26159 | D:10     | Learned a level 5 spell: Lee's Rapid Deconstruction
 26693 | D:11     | Got Erhutrid's Spellbook of Destruction
 26803 | D:11     | Identified the ring "Qahoiqer" {rPois rN++ MP+9 Int+2}
 26847 | D:11     | Identified the +0 chain mail of Liuwn {Str+2 SInv}
 27474 | D:5      | Bought a potion of cancellation for 88 gold pieces
 28708 | D:13     | Reached XP level 15. HP: 76/132 MP: 31/31
 28708 | D:13     | Reached XP level 16. HP: 80/139 MP: 32/32
 28717 | D:13     | Learned a level 6 spell: Bombard
 29785 | D:14     | Noticed Azrael
 29888 | D:14     | Killed Azrael
 30462 | D:14     | Found a gate to the Vaults.
 30512 | D:14     | Found a sparkling altar of Nemelex Xobeh.
 30753 | D:15     | Entered Level 15 of the Dungeon
 31291 | D:15     | Reached skill level 13 in Fighting
 31841 | D:15     | Found a staircase to the Depths.
 32278 | Orc:2    | Bought a glowing kite shield for 210 gold pieces
 32498 | Swamp:1  | Entered Level 1 of the Swamp
 32560 | Swamp:1  | Reached skill level 1 in Shields
 32838 | Swamp:1  | Found a runed translucent gate.
 32839 | Swamp:1  | Found a runed translucent gate.
 32839 | Swamp:1  | Noticed OlivierBoivin's ghost (adept OnAE)
 32933 | Swamp:1  | Found a runed translucent gate.
 33965 | Swamp:1  | Identified the +5 pair of gloves of Dim Light {MP-9 Int+6}
 33976 | Swamp:1  | Identified the +4 broad axe "Giantslayer" {freeze, *Slow
                  | rElec Dex+6}
 33997 | Swamp:1  | Killed OlivierBoivin's ghost
 33998 | Swamp:1  | Reached skill level 14 in Fighting
 34315 | Swamp:2  | Reached skill level 5 in Shields
 34567 | Swamp:2  | Reached XP level 17. HP: 133/152 MP: 10/33
 34970 | Swamp:2  | Noticed Roxanne
 35530 | Swamp:2  | Killed Roxanne
 36497 | Swamp:4  | Entered Level 4 of the Swamp
 36540 | Swamp:4  | Reached skill level 10 in Shields
 36542 | Swamp:4  | Reached skill level 1 in Throwing
 37092 | Swamp:4  | Reached skill level 5 in Throwing
 37307 | Swamp:4  | Noticed a tentacled monstrosity
 37317 | Swamp:4  | Killed a tentacled monstrosity
 37318 | Swamp:4  | Reached skill level 1 in Long Blades
 37962 | Swamp:4  | Got a decaying rune of Zot
 38115 | Snake:1  | Entered Level 1 of the Snake Pit
 38126 | Snake:1  | Found Zidghuipu's Book Shoppe.
 38364 | Snake:1  | Found Ogoqea Ogyx's Antique Armour Shop.
 38750 | Snake:1  | Found Viclikh's Antique Armour Shop.
 38982 | Snake:1  | Found Fuqytyosk's Book Shoppe.
 39095 | Snake:1  | Found a runed translucent gate.
 39098 | Snake:1  | Found a runed translucent gate.
 39100 | Snake:1  | Found a runed translucent gate.
 39156 | Snake:1  | Found Qaeg's Jewellery Shoppe.
 39533 | Snake:1  | Reached XP level 18. HP: 162/162 MP: 22/34
 39716 | Snake:1  | Reached skill level 15 in Fighting
 39716 | Snake:1  | Reached skill level 5 in Long Blades
 41066 | Snake:2  | Reached skill level 16 in Fighting
 41279 | Snake:2  | Found a runed translucent gate.
 41279 | Snake:2  | Noticed Zeor's ghost (adept DrBe)
 41848 | Snake:2  | Found a runed translucent gate.
 41848 | Snake:2  | Found a runed translucent gate.
 42029 | Snake:2  | Found a sparkling altar of Nemelex Xobeh.
 42239 | Snake:2  | Found Gempus's Magic Scroll Shop.
 42245 | Snake:2  | Bought a scroll of blinking for 75 gold pieces
 42245 | Snake:2  | Bought a scroll of fog for 40 gold pieces
 42245 | Snake:2  | Bought a scroll of blinking for 75 gold pieces
 42245 | Snake:2  | Bought a scroll of blinking for 75 gold pieces
 42449 | Snake:2  | Killed Zeor's ghost
 42557 | Snake:2  | Identified the +4 ring mail of Surprise {Will+ Int+2}
 42879 | Snake:3  | Noticed Bai Suzhen
 42890 | Snake:3  | Killed Bai Suzhen
 43368 | Snake:3  | Found Deimen's Firing Range.
 44174 | Snake:4  | Entered Level 4 of the Snake Pit
 44179 | Snake:4  | Noticed Saint Roka
 44807 | Snake:4  | Found an opulent altar of Gozag.
 44870 | Snake:4  | Reached XP level 19. HP: 149/160 MP: 4/35
 45006 | Snake:4  | Reached skill level 17 in Fighting
 45147 | Snake:4  | Reached skill level 10 in Long Blades
 45148 | Snake:4  | Killed Saint Roka
 45494 | Snake:4  | Noticed Vashnia
 45798 | Snake:3  | Killed Vashnia
 47119 | Snake:4  | Got a serpentine rune of Zot
 47312 | Elf:1    | Entered Level 1 of the Elven Halls
 48021 | Elf:1    | Found a radiant altar of Vehumet.
 48369 | Elf:1    | Found Woarphon's Book Emporium.
 49150 | Elf:2    | Paralysed by an air elemental for 1 turns
 49234 | Elf:2    | Reached skill level 18 in Fighting
 49364 | Elf:2    | Paralysed by an air elemental for 1 turns
 49488 | Elf:2    | Found a runed translucent gate.
 49488 | Elf:2    | Found a runed translucent gate.
 49488 | Elf:2    | Found a runed translucent gate.
 49704 | Elf:3    | Entered Level 3 of the Elven Halls
 50431 | Elf:3    | Reached XP level 20. HP: 187/187 MP: 9/37
 51401 | Elf:3    | Paralysed by an air elemental for 1 turns
 51416 | Elf:3    | Reached skill level 15 in Conjurations
 51883 | Elf:3    | Identified the staff "Hydraslayer" {rPois rF++ Dex+6 Stlth-
                  | Alchemy}
 53023 | Elf:3    | Identified the +5 sling "Moasuin" {drain, Dex+3}
 53063 | Elf:3    | Identified the +1 rapier "Atoper Himo" {elec, ^Contam rElec
                  | rF+ Dex+6}
 53066 | Elf:3    | Got the Codex of Ill Luck
 53123 | Elf:3    | Identified the +7 chain mail of Taubyitez {-Cast rN+ Dex+3
                  | Stlth+}
 53132 | Elf:3    | Identified the +5 sling of Gloom {flame, rN+++ rCorr Str-5
                  | Int-5}
 53134 | Elf:3    | Found the +9 sword of Power {lifebolt}
 53140 | Elf:3    | Identified the +1 arbalest of Past Mistakes {drain, rElec
                  | rCorr Int-5 Dex+6}
 53145 | Elf:3    | Identified the +0 chain mail of Tompex {Rampage rPois rC+
                  | Str+3}
 53146 | Elf:3    | Identified the +2 leather armour of Impatience {rC+}
 53149 | Elf:3    | Got the Guide on Enthralling Chilblains
 53241 | Elf:3    | Learned a level 7 spell: Orb of Destruction
 53616 | Vaults:1 | Entered Level 1 of the Vaults
 55311 | Vaults:1 | Found Fioshriynt's Jewellery Shop.
 55663 | Vaults:2 | Found Mubrim's Armour Emporium.
 55737 | Vaults:2 | Found a crumbling gateway.
 55749 | Desolati | Entered the Desolation of Salt
 55802 | Desolati | Reached XP level 21. HP: 176/194 MP: 39/39
 55874 | Desolati | Reached skill level 10 in Stealth
 56143 | Desolati | Identified the ring "Jipp" {rPois rF- rC+ Dex+5}
 56148 | Desolati | Identified the +2 robe of Inviolability {Will+ Int+3}
 56446 | Desolati | Identified the +8 chain mail of Veotuasi {rElec rCorr
                  | Str+2}
 56647 | Desolati | Identified the +1 pair of gloves "Ynaotug" {MP+9 Str+3}
 56828 | Desolati | Found the +8 orange crystal plate armour {Archmagi, Int+3
                  | Clar}
 57117 | Vaults:2 | Identified the +0 plate armour of Macaroni {Int+2}
 57663 | Vaults:2 | Noticed Mara
 57674 | Vaults:2 | Killed Mara
 58616 | Vaults:2 | Found a staircase to the Crypt.
 60123 | Vaults:3 | Reached skill level 19 in Fighting
 60160 | Vaults:3 | Reached skill level 15 in Spellcasting
 61023 | Vaults:4 | Reached XP level 22. HP: 171/187 MP: 16/41
 62641 | Depths:1 | Entered Level 1 of the Depths
 62651 | Depths:1 | Reached skill level 15 in Fire Magic
 62971 | Depths:1 | Learned a level 8 spell: Ignition
 63326 | Depths:1 | Found a gateway to Hell.
 63637 | Depths:1 | You fall into a shaft and drop 1 floor!
 64162 | Depths:2 | Identified the +6 arbalest of Sin {heavy, rF- rC+ rN+
                  | Will++}
 64295 | Depths:2 | Found a shimmering altar of Xom.
 64409 | Depths:2 | Identified the flux talisman of Qok Paig {*Corrode rC+
                  | Int+2 SInv}
 64940 | Depths:2 | Found a shimmering altar of Xom.
 64940 | Depths:2 | Found an ancient bone altar of Kikubaaqudgha.
 64993 | Depths:2 | Noticed Nikola
 65012 | Depths:2 | Killed Nikola
 65065 | Depths:2 | Identified the +5 arbalest "Ydoig" {freeze, rC+ Str+4}
 65103 | Depths:2 | Identified the staff of Raffogo {rF+ rC+ Str+2 Dex+3 Ice}
 65103 | Depths:2 | Identified the ring "Xoes" {Ice Str+4}
 65103 | Depths:2 | Noticed Josephina
 65547 | Depths:2 | Killed Josephina
 65959 | Depths:2 | Found a one-way gate leading to the halls of Pandemonium.
 66460 | Depths:2 | Found a one-way gate to the infinite horrors of the Abyss.
 66545 | Depths:3 | Noticed Grunn
 66863 | Depths:3 | Killed Grunn
 67098 | Depths:3 | Found a white marble altar of Elyvilon.
 67114 | Depths:3 | Identified the +7 flail of Ikkym {vamp, rElec Dex+2}
 67120 | Depths:3 | Reached XP level 23. HP: 188/190 MP: 30/42
 68053 | Depths:3 | Found a one-way gateway to a ziggurat.
 68434 | Depths:4 | Entered Level 4 of the Depths
 68607 | Depths:4 | Reached skill level 20 in Fighting
 68665 | Depths:4 | Noticed a juggernaut
 68673 | Depths:4 | Killed a juggernaut
 69047 | Depths:4 | Found Otrepleu's General Store.
 69329 | Depths:4 | Found a gate to the Realm of Zot.
 70521 | Vaults:5 | Entered Level 5 of the Vaults
 70525 | Vaults:5 | Reached skill level 21 in Fighting
 71011 | Vaults:4 | Reached skill level 22 in Fighting
 71542 | Vaults:5 | Got a silver rune of Zot
 71697 | Vaults:5 | Identified the +7 plate armour of Ateruth {Int+4}
 71729 | Vaults:5 | Reached XP level 24. HP: 233/233 MP: 32/43
 72609 | Vaults:5 | Identified the +5 scimitar of Defence {freeze, Dex+2}
 73477 | Vaults:5 | Identified the +2 robe "Inunit" {Will++ Int-3 Dex+4}
 73497 | Vaults:5 | Identified the +2 cloak of the Lost Path {rN+}
 74214 | D:5      | Bought 2 potions of heal wounds for 110 gold pieces
 74376 | Orc:2    | Bought a potion of heal wounds for 140 gold pieces
 74376 | Orc:2    | Bought a scroll of fog for 112 gold pieces
 74376 | Orc:2    | Bought a potion of heal wounds for 140 gold pieces
 74462 | Orc:1    | Bought a potion of curing for 39 gold pieces
 74462 | Orc:1    | Bought 2 potions of curing for 78 gold pieces
 74462 | Orc:1    | Bought a potion of curing for 39 gold pieces
 74462 | Orc:1    | Bought a potion of curing for 39 gold pieces
 74462 | Orc:1    | Bought 2 potions of curing for 78 gold pieces
 74695 | Crypt:1  | Entered Level 1 of the Crypt
 74731 | Crypt:1  | Reached skill level 23 in Fighting
 75315 | Crypt:1  | Noticed Boris
 75323 | Crypt:1  | Killed Boris
 75631 | Crypt:1  | Noticed Jory
 75642 | Crypt:1  | Killed Jory
 77078 | Crypt:3  | Entered Level 3 of the Crypt
 77110 | Crypt:3  | Identified the orb of Autumn {light, ^Contam rElec Str+3
                  | Air}
 77110 | Crypt:3  | Noticed Frederick
 77934 | Crypt:3  | Found a staircase to the Tomb.
 78430 | Crypt:3  | Identified the ring "Neez" {rN+ Will+ Int+3 Stlth-}
 78710 | Crypt:3  | Identified the staff "Facut" {rN+ Summ Necro}
 79263 | Crypt:3  | Killed Frederick
 79367 | Crypt:3  | Reached XP level 25. HP: 245/245 MP: 20/45
 79538 | Crypt:3  | Identified the ring of Dieqaodi {rN+ Str+3 Int+3}
 79631 | Crypt:3  | Identified the +0 cloak of Veuxkago {rCorr Str+4 Dex-4
                  | Stlth+}
 80123 | Zot:1    | Entered Level 1 of the Realm of Zot
 81284 | Zot:2    | Noticed Parghit
 81304 | Zot:2    | Killed Parghit
 81324 | Zot:2    | Reached skill level 24 in Fighting
 83336 | Zot:3    | Noticed an orb of fire
 83337 | Zot:3    | Noticed a Killer Klown
 83985 | Zot:3    | You fall into a shaft and drop 1 floor!
 84305 | Zot:3    | Killed an orb of fire
 84442 | Zot:3    | Killed a Killer Klown
 86038 | Zot:5    | Entered Level 5 of the Realm of Zot
 86165 | Zot:5    | Reached XP level 26. HP: 255/255 MP: 32/47
 86900 | Zot:5    | Noticed a dread lich
 86906 | Zot:5    | Killed a dread lich
 87082 | Zot:5    | Noticed an orb of fire
 87086 | Zot:5    | Gained mutation: Your magical capacity is low. (-10% MP)
                  | [an orb of fire]
 87093 | Zot:5    | Killed an orb of fire
 87360 | Zot:5    | Reached skill level 15 in Earth Magic
 87708 | Zot:5    | Noticed a dread lich
 87716 | Zot:5    | Gained mutation: Your spells are a little easier to cast,
                  | but a little less powerful. [a cacodemon]
 87717 | Zot:5    | Killed a dread lich
 87824 | Zot:5    | Identified the +4 kite shield of Impermeability {Will+
                  | Str-2 Dex+2}
 88057 | Zot:5    | Noticed an orb of fire
 88067 | Zot:5    | Killed an orb of fire
 88631 | Zot:5    | Got the Orb of Zot
 88662 | Zot:4    | Noticed Iqovvos the pandemonium lord
 88767 | Depths:4 | Noticed Ihuoju the pandemonium lord
 88771 | Depths:4 | Killed Ihuoju the pandemonium lord
 88772 | Depths:4 | Noticed Edikeed the pandemonium lord
 88784 | Depths:4 | Killed Edikeed the pandemonium lord
 88927 | D:10     | Noticed Zesaox the pandemonium lord
 88948 | D:10     | Killed Zesaox the pandemonium lord
 89170 | D:$      | Escaped with the Orb!

Illustrated notes

Levels and vault maps discovered:
D:1:      sevenhm_arrival_forest_fort_large_4, layout_basic, amethyst_killhole,
          nicolae_shop_vocational
D:2:      layout_rooms, basic_altar
D:3:      layout_loops_ring, nicolae_qazlal_style_of_elements, serial_shops,
          shop, nicolae_shop_bloodbath_and_beyond, nicolae_shop_rolling_square,
          nicolae_shop_window_shopping, nicolae_shop_dealshenge,
          kennysheep_cross_room, hex_large, kennysheep_generic_room_4,
          uniq_grinder
D:4:      layout_basic
D:5:      layout_basic, serial_glass, glass_columns_c, glass_columns_a,
          feat_on_display, minmay_strange_pillars, feat_on_display,
          due_unseen_surprise, serial_shops,
          nicolae_shop_temple_entry_statues_fountains, uniq_pikel
D:6:      layout_basic, nicolae_yredelemnul_corpse_copse,
          grunt_temple_overflow_open, minmay_temple_entry_mist
D:7:      lemuel_ice_statue, layout_basic, uniq_joseph
D:8:      layout_cave_pools, nicolae_vehumet_altar_sigil,
          nicolae_inconvenience_store,
          hellmonk_guarded_unrand_vitality_bloodlust, uniq_maurice
D:9:      layout_layer_cave, erik_lair_island, david_orc_2, uniq_maggie,
          uniq_psyche
D:10:     layout_irregular_city, mainiacjoe_overflow_cross_hatched,
          enter_bailey_6
D:11:     layout_small_grid, kennysheep_kite_vault
D:12:     layout_basic
D:13:     layout_stronghold, amcnicky_mini_corridor_feature
D:14:     layout_roguey, hellmonk_vaults_keyhole, lemuel_doored_altar,
          uniq_azrael
D:15:     hellmonk_depths_entry_around_the_bend, layout_cave_pools,
          serial_park_avenue1
Temple:   hellmonk_temple_divided_pantheon
Lair:1:   layout_loops_ring, serial_rivers, chequers_serial_rivers_large_b,
          chequers_serial_rivers_micro_b, chequers_serial_rivers_small_3,
          chequers_serial_rivers_micro_c, chequers_serial_rivers_small_a,
          chequers_serial_rivers_micro_e, uniq_sonja, uniq_jeremiah,
          uniq_amaemon, uniq_harold
Lair:2:   layout_hall_layers, minmay_snake_entry_guardpost_small,
          gauntlet_entry_generic, lemuel_fruit_tree
Lair:3:   layout_roguey, mainiacjoe_swamp_entry_angry_trees
Lair:4:   layout_long_grid, slime_entry_1, grunt_forest_large_clearing_hut
Lair:5:   minmay_lair_end_frog_pond, layout_concentric_octagons,
          serial_bayou_shore_b
Swamp:1:  layout_basic_swamp, gammafunk_ghost_hydra_chop,
          nicolae_swamp_stuck_in_the_mud, swamp_pool_1_2
Swamp:2:  layout_basic_swamp, evilmike_swamp_ruin_house_2, st_swamp_ruins_2,
          uniq_roxanne
Swamp:3:  layout_basic_swamp, evilmike_swamp_ruin_house_5, swamp_pool_1_2,
          nicolae_swamp_well_well_well
Swamp:4:  nzn_swamp_witches_coven, layout_basic_swamp
Snake:1:  cheibrodos_snake_lava_hold, layout_layer_cave, serial_shops,
          nicolae_shop_hallway_plus, nicolae_shop_waterfront,
          nicolae_shop_tiny_statue_garden, shop, shop, nicolae_snake_horde_hoard
Snake:2:  layout_onion, basic_altar, serial_shops,
          nicolae_shop_just_a_little_nook, gammafunk_ghost_necromancy,
          nicolae_snake_gridmaze_entwining
Snake:3:  layout_chambers, nicolae_shop_firing_range, serial_bayou_shore_b,
          serial_bayou_shore_a, uniq_bai_suzhen
Snake:4:  johnstein_snake_rune_scales, layout_gridlike, basic_altar,
          nicolae_snake_snake_lake, corexii_hall_statues_s,
          nicolae_snake_single_loop, uniq_saint_roka
Orc:1:    layout_caves, serial_shops, shop, shop, nicolae_shop_tiny_waterfront
Orc:2:    st_orc_elflike, layout_caves, uniq_erolcha
Elf:1:    eino_elf_arrival_altar, layout_loops_cross, serial_shops, shop,
          minmay_elf_demonology, grunt_ministairs_5, drop_trap
Elf:2:    nicolae_elf_blades_splatter_lattice [nooodl_blade_entry_preview],
          layout_geoelf_grid
Elf:3:    minmay_elf_hall_hex, layout_loops_corners
Vaults:1: vaults_room_pool, v_misc_13, dpeg_vaults_monster_row, v_misc_18,
          nicolae_vaults_storage_closets_1, ontoclasm_vaults_idyll, v_misc_26,
          nicolae_vaults_little_squares_2, v_alt_pattern_5, grunt_vaults_funnel,
          serial_library_hellmonk_angled_corner,
          ontoclasm_vaults_claustrophobia, nicolae_vaults_trapezoid_4,
          nicolae_vaults_tetromino_Z_2, ontoclasm_vaults_ring_square,
          nicolae_vaults_asterisk, layout_vaults_ring, serial_shops,
          nicolae_lakefront_shop
Vaults:2: portal_desolation_entry_ruin, hangedman_vaults_stagger,
          nicolae_vaults_double_plus_2, minmay_crypt_entry_simple_round,
          v_misc_28, nicolae_vaults_oval_intersection,
          nicolae_vaults_trapezoid_1, nicolae_vaults_shipping_containers_1,
          nicolae_vaults_heart-shaped_vault, nicolae_vaults_closet_pinwheel_6,
          nicolae_vaults_little_squares_6, nicolae_vaults_network_star,
          v_alt_pattern_4, layout_vaults_maze, serial_shops, shop, uniq_mara
Vaults:3: nicolae_vaults_apartment_1, nicolae_vaults_two_Ls,
          hangedman_vaults_cutoff, nicolae_vaults_antechamber_and_loot_room,
          nicolae_vaults_mitosis, nicolae_vaults_weapon_check,
          vaults_room_fours, v_misc_13, vaults_room_door_hall,
          nicolae_vaults_house_2, nicolae_vaults_trapezoid_lopsided_1,
          nicolae_vaults_sightless_eye, layout_vaults_chaotic_city
Vaults:4: ontoclasm_vaults_eye, nicolae_vaults_shipping_containers_4,
          nicolae_vaults_house_1, vaults_room_pool, nicolae_vaults_trapezoid_2,
          vaults_mumra_hex, layout_vaults_omnigrid
Vaults:5: serial_shops
Crypt:1:  layout_chaotic_city, grunt_crypt_arrival_guarded_gate, uniq_boris,
          uniq_jory
Crypt:2:  layout_regular_city, st_stairs_4
Crypt:3:  due_elkab, layout_chaotic_city, uniq_frederick
Depths:1: layout_cave_shapes, lightli_too_deep, chequers_serial_rivers_micro_b,
          patterned_corridor, firewood_loft
Depths:2: skrybe_chaotic_catacombs, layout_cave_pools, minmay_room_of_horrors,
          pf_hell_entry_great_geh, rand_demon_pan_entry_1, fedhas_altar_1,
          uniq_nikola, uniq_josephina
Depths:3: nzn_winding_woodlands_medium [nzn_winding_woodlands_5x5_default,
          nzn_winding_woodlands_5x15_pool, nzn_winding_woodlands_5x5_open_star,
          nzn_winding_woodlands_5x5_checkerboard,
          nzn_winding_woodlands_center_diamonds,
          nzn_winding_woodlands_5x5_cross, nzn_winding_woodlands_5x5_perimeter,
          nzn_winding_woodlands_5x15_sidewinder,
          nzn_winding_woodlands_5x5_closed_star], layout_basic,
          enter_ziggurat_a, nicolae_abyss_entry_one_way_or_another,
          hangedman_coc_ice_floe, elyvilon_altar_1, serial_bayou_pond_e,
          minmay_staircase_bubble, uniq_grunn
Depths:4: grunt_zot_entry_tricorne, layout_honeycomb, hell_entry, serial_shops,
          shop, abyss_entry
Zot:1:    layout_cathedral_of_symmetry,
          regret_index_zotdec_barnacled_alternative, grunt_megastairs_2
Zot:2:    layout_misc_corridors, nicolae_zig_zag_zippers, uniq_parghit
Zot:3:    grunt_zot_stairs_mandelzot, layout_gridlike,
          regret_index_zot_stipple_split
Zot:4:    layout_basic
Zot:5:    layout_gridlike, st_stairs_7

Skill      XL: |  1  2  3  4  5  6  7  8  9 10 11 12 13 14 15 16 17 18 19 20 21 22 23 24 25 26 |
---------------+-------------------------------------------------------------------------------+-----
Stealth        | 2 3 4 6 9 10 12 | 12.0
Spellcasting   | 3 4 5 6 7 8 9 11 12 13 14 15 16 18 20 | 20.8
Earth Magic    | 4 5 6 7 8 9 10 13 14 15 | 15.9
Conjurations   | 2 3 4 5 6 8 9 10 11 12 13 17 18 19 | 19.0
Fighting       | 4 6 8 10 12 14 16 18 19 22 23 24 | 24.8
Dodging        | 4 0 |  0.0
Short Blades   | 1 4 6 8 |  8.3
Alchemy        | 8 |  8.0
Fire Magic     | 1 12 13 14 18 20 21 | 21.2
Shields        | 6 10 12 13 14 | 14.0
Throwing       | 6 |  6.0
Long Blades    | 4 9 11 13 | 13.4

Action                     |  1- 3 |  4- 6 |  7- 9 | 10-12 | 13-15 | 16-18 | 19-21 | 22-24 | 25-27 || total
---------------------------+-------+-------+-------+-------+-------+-------+-------+-------+-------++-------
  Melee: Dagger            |       |     1 |     6 |    35 |    10 |       |    13 |     8 |     8 ||    81
         Tailslap          |       |       |       |     9 |       |    11 |    47 |   111 |    27 ||   205
         Demon blade       |       |       |       |       |     1 |    65 |   188 |   390 |   109 ||   753
         Staff             |       |       |       |       |       |       |       |       |     1 ||     1
   Fire: Sling             |    15 |     2 |     6 |       |       |       |       |       |       ||    23
  Throw: Dart              |       |       |     3 |    27 |     7 |     4 |     3 |     3 |       ||    47
         Throwing net      |       |       |       |       |       |       |     1 |     3 |       ||     4
   Cast: Sandblast         |    61 |    80 |   105 |   104 |     4 |       |       |       |       ||   354
         Passwall          |       |     1 |     2 |     1 |       |       |       |       |     4 ||     8
         Stone Arrow       |       |       |    16 |   258 |   602 |    44 |       |       |       ||   920
         Brom's Barrelling |       |       |       |     4 |     1 |       |       |       |       ||     5
         Lee's Rapid Decon |       |       |       |       |    19 |   153 |   311 |   142 |    18 ||   643
         Starburst         |       |       |       |       |     4 |   104 |   103 |    67 |     8 ||   286
         Mephitic Cloud    |       |       |       |       |     1 |     2 |     8 |       |       ||    11
         Irradiate         |       |       |       |       |     1 |     2 |     1 |    19 |     6 ||    29
         Bombard           |       |       |       |       |       |   453 |   327 |   316 |   148 ||  1244
         Petrify           |       |       |       |       |       |     2 |     1 |       |     1 ||     4
         Orb of Destructio |       |       |       |       |       |       |    51 |   196 |   229 ||   476
         Ignition          |       |       |       |       |       |       |       |    36 |    42 ||    78
 Invoke: Sacrifice Artific |       |     1 |       |       |       |       |       |       |       ||     1
         Sacrifice Courage |       |       |     1 |       |       |       |       |       |       ||     1
         Draw Out Power    |       |       |       |     3 |     2 |    18 |    18 |     7 |     9 ||    57
         Sacrifice Nimblen |       |       |       |     1 |       |       |       |       |       ||     1
         Sacrifice Forms   |       |       |       |     1 |       |       |       |       |       ||     1
         Apocalypse        |       |       |       |     1 |       |     2 |     2 |     4 |     2 ||    11
         Sacrifice Love    |       |       |       |       |     1 |       |       |       |       ||     1
         Power Leap        |       |       |       |       |       |       |     1 |       |       ||     1
Ability: Breathe Fire      |       |       |    13 |    28 |    29 |     3 |     6 |     5 |     1 ||    85
    Use: Scroll            |       |       |     7 |     5 |    10 |     9 |    11 |    15 |     3 ||    60
         Potion            |       |       |       |     2 |     1 |     2 |     1 |     5 |    12 ||    23
   Stab: Sleeping          |       |     1 |     5 |     1 |       |       |     5 |     4 |     5 ||    21
         Paralysed         |       |       |       |     2 |       |       |     2 |     7 |     1 ||    12
         Invisible         |       |       |       |     1 |       |     1 |     7 |     3 |     4 ||    16
         Distracted        |       |       |       |       |       |       |     1 |     5 |     2 ||     8
 Armour: Skin              |     3 |    33 |    42 |   129 |   247 |   396 |   333 |   564 |   254 ||  2001
  Dodge: Dodged            |    15 |    22 |    37 |   110 |   131 |   136 |   109 |   189 |    76 ||   825
  Block: Kite shield       |       |       |       |       |       |   132 |   107 |       |       ||   239
         Buckler           |       |       |       |       |       |       |    86 |   183 |    96 ||   365
